 Dungeon Sprint DCSS version 0.17-a0-1701-gf693a3f (webtiles) character file.

17600000 patman the Conqueror (level 27, -114/273 HPs)
             Began as a Ghoul Warper on Aug 21, 2015.
             Was the Champion of Makhleb.
             Annihilated by a fleshlord
             ... wielding a +9 great mace
              (372 damage)
             ... in the Dungeon (Sprint VIII: "Arena of Blood").
             The game lasted 00:09:00 (176 turns).

patman the Conqueror (Ghoul Warper)                  Turns: 176, Time: 00:09:00

Health: -114/273   AC:  6    Str: 19    XL:     27
Magic:  53/53      EV: 32    Int:  8    God:    Makhleb [******]
Gold:   0          SH:  0    Dex: 17    Spells: 1 memorised, 79 levels left

rFire  + . .     SeeInvis +     l - +∞ Axe of Woe
rCold  + . .     Clarity  .     b - +0 leather armour
rNeg   + + +     SustAt   .     (no shield)
rPois  ∞         Gourm    .     (no helmet)
rElec  .         Spirit   .     (no cloak)
rCorr  .         Warding  .     (no gloves)
rMut   .         NoTele   +     (no boots)
MR     ++...                    (no amulet)
Stlth  +++++++++.               h - ring of protection from fire
                                m - ring of see invisible

@: rotting, slowed, very slow, very resistant to hostile enchantments,
incredibly stealthy
A: rotting body, claws 1, carnivore 3, cold resistance 1, negative energy
resistance 3, slow healing 1, torment resistance, unbreathing
a: Minor Destruction, Lesser Servant of Makhleb, Major Destruction, Greater
Servant of Makhleb, Renounce Religion


You were in the Dungeon.
You worshipped Makhleb.
Makhleb was exalted by your worship.
You were not hungry.

You visited 1 branch

Inventory:

Hand weapons
 a - a +0 hand axe
 l - the +∞ Axe of Woe (weapon)
   (You found it in the Dungeon)
Missiles
 e - 5 tomahawks of dispersal (quivered)
Armour
 b - a +0 leather armour (worn)
Jewellery
 h - a ring of protection from fire (right claw)
 m - a ring of see invisible (left claw)
Scrolls
 d - 2 scrolls of blinking
Potions
 g - a potion of curing
 i - a potion of haste
 j - 2 potions of magic
 k - a potion of berserk rage
Books
 c - a book of Spatial Translocations

   Spells                             Type                      Level
   a - Apportation                    Translocation                1
   b - Blink                          Translocation                2
   c - Shroud of Golubria             Charms/Translocation         2
   d - Portal Projectile              Translocation                3
   e - Teleport Other                 Translocation                3
   f - Passage of Golubria            Translocation                4
Comestibles
 f - a meat ration


   Skills:
 O Level 27 Fighting
 O Level 27 Axes
 O Level 27 Throwing
 O Level 27 Armour
 O Level 27 Dodging
 O Level 27 Stealth
 O Level 27 Unarmed Combat
 O Level 27 Spellcasting
 O Level 27 Translocations
 O Level 27 Invocations


You had 79 spell levels left.
You knew the following spells:

 Your Spells              Type           Power        Failure   Level  Hunger
a - Apportation           Tloc           ######....   0%          1    None


Dungeon Overview and Level Annotations

Branches:
Dungeon (1/1)

Altars:
Makhleb


Innate Abilities, Weirdness & Mutations

Your body is rotting away.
You thrive on raw meat.
You are immune to poison.
You have sharp fingernails.
You are carnivorous and can eat meat at any time.
Your flesh is cold resistant.
You are immune to negative energy.
You heal slowly when monsters are visible.
You are immune to unholy pain and torment.
You can survive without breathing.


Message History

You kill the bag of meat!
Makhleb accepts your kill.
You slash the bag of meat!
You dissect the bag of meat like a pig carcass.
You kill the bag of meat!
Makhleb accepts your kill.
You slice the fleshlord!!
You cleave the fleshlord in twain.
You kill the fleshlord!
Makhleb accepts your kill.
You hear a shout!
The observer gazes at you. Something smites you!
The meat beast barely misses you. The meat beast completely misses you.
You hear a shout! x4
The bag of meat is engulfed in poison gas.
The bag of meat is poisoned.
You hear a shout! x7
The fleshlord hits you with a +9 great mace!!!!!!
Ouch! That really hurt!
You die...

.....###.............###.....
....._.W....................
#.....#.W.....#.#.........
#_.<._#.M........)))......
...#.....#......#W#D#).......
......_......%.W..)))).......
.....###o.%o..%)S#)#)#).#....
###.....).###..Sp).)%..#.....
#.....))#...2W@[))....#.o..
#%%...).#o.§§)))....%#.....
...%...)))%§.§.%............
.......).§o)S#%..#%.....##..
..%....)))G.#..W%#..%..##
.......)))##)....#.....#
..%....)#).....#...%##.
........#)).###....#.
.#......)).......#...


You could see an accursed, a meat beast, an eight-headed meat hydra, an observer
(invisible), 3 scourges, a fleshlord, 2 wretched souls, 3 dreads and 3 bags of
meat.

Vanquished Creatures
  10 hell beasts (D)
  12 greater mummies (D)
  89 orcs (D)
  7 phantoms (D)
  8 hill giants (D)
  8 skeletal warriors (D)
  7 great orbs of eyes (D)
  10 hell knights (D)
  9 sea snakes (D)
  5 wraiths (D)
  12 large abominations (D)
  Harold (D)
  Edmund (D)
  8 small abominations (D)
  7 crawling corpses (D)
  12 vampire knights (D)
  38 ogres (D)
  8 liches (D)
  9 hydras (D)
261 creatures vanquished.

Vanquished Creatures (others)
  A small abomination (D)
  4 crawling corpses (D)
5 creatures vanquished.

Grand Total: 266 creatures vanquished

Notes
Turn   | Place    | Note
--------------------------------------------------------------
     0 | D        | patman the Ghoul Warper began the quest for the Orb.
     0 | D        | Reached XP level 1. HP: 17/17 MP: 2/2
     3 | D        | Noticed a bag of meat
     3 | D        | Noticed a bag of meat
     4 | D        | Became a worshipper of Makhleb the Destroyer
     5 | D        | Noticed a bag of meat
     7 | D        | Noticed a bag of meat
     7 | D        | Killed a bag of meat
     7 | D        | Reached skill level 24 in Axes
     7 | D        | Reached XP level 2. HP: 24/24 MP: 3/3
     7 | D        | Reached XP level 3. HP: 29/29 MP: 4/4
     7 | D        | Reached XP level 4. HP: 36/36 MP: 5/5
     7 | D        | Reached XP level 5. HP: 41/41 MP: 6/6
     7 | D        | Reached XP level 6. HP: 48/48 MP: 7/7
     7 | D        | Reached XP level 7. HP: 55/55 MP: 8/8
     7 | D        | Reached XP level 8. HP: 61/61 MP: 9/9
     7 | D        | Reached XP level 9. HP: 67/67 MP: 10/10
     7 | D        | Reached XP level 10. HP: 73/73 MP: 11/11
     7 | D        | Reached XP level 11. HP: 79/79 MP: 12/12
     7 | D        | Reached XP level 12. HP: 85/85 MP: 13/13
     8 | D        | Noticed a bag of meat
     8 | D        | Noticed a bag of meat
     8 | D        | Noticed a bag of meat
     8 | D        | Killed a bag of meat
     8 | D        | Acquired Makhleb's first power
     8 | D        | Reached XP level 13. HP: 55/136 MP: 14/14
     9 | D        | Noticed a bag of meat
     9 | D        | Noticed a bag of meat
     9 | D        | Noticed a large bag of meat
     9 | D        | Noticed a bag of meat
     9 | D        | Noticed a bag of meat
    10 | D        | Noticed a bag of meat
    11 | D        | Killed a bag of meat
    11 | D        | Reached XP level 14. HP: 58/157 MP: 15/15
    11 | D        | Killed a bag of meat
    11 | D        | Acquired Makhleb's second power
    11 | D        | Reached skill level 26 in Fighting
    12 | D        | Killed a bag of meat
    12 | D        | Reached skill level 27 in Fighting
    12 | D        | Reached XP level 15. HP: 121/174 MP: 16/16
    13 | D        | Killed a bag of meat
    13 | D        | Acquired Makhleb's third power
    13 | D        | Reached skill level 27 in Axes
    13 | D        | Reached skill level 10 in Dodging
    14 | D        | Noticed a meat berserker
    15 | D        | Killed a bag of meat
    15 | D        | Reached XP level 16. HP: 170/183 MP: 17/17
    15 | D        | Killed a large bag of meat
    15 | D        | Killed a bag of meat
    15 | D        | Acquired Makhleb's fourth power
    16 | D        | Killed a bag of meat
    17 | D        | Noticed a bag of meat
    17 | D        | Killed a bag of meat
    17 | D        | Reached XP level 17. HP: 191/191 MP: 18/18
    18 | D        | Noticed a bag of meat
    18 | D        | Killed a meat berserker
    18 | D        | Acquired Makhleb's fifth power
    18 | D        | Reached skill level 27 in Dodging
    19 | D        | Noticed a bag of meat
    20 | D        | Noticed a bag of meat
    20 | D        | Killed a bag of meat
    20 | D        | Reached XP level 18. HP: 165/200 MP: 19/19
    22 | D        | Noticed a meat berserker
    22 | D        | Noticed a meat berserker
    22 | D        | Noticed a bag of meat
    22 | D        | Noticed a bag of meat
    22 | D        | Noticed a bag of meat
    23 | D        | Noticed a meat berserker
    23 | D        | Noticed a bag of meat
    23 | D        | Killed a meat berserker
    23 | D        | Killed a bag of meat
    23 | D        | Reached skill level 27 in Translocations
    23 | D        | Killed a bag of meat
    23 | D        | Reached skill level 5 in Throwing
    23 | D        | Reached skill level 5 in Armour
    23 | D        | Reached skill level 5 in Spellcasting
    23 | D        | Reached XP level 19. HP: 207/207 MP: 19/26
    24 | D        | Noticed a meat berserker
    24 | D        | Noticed a meat berserker
    24 | D        | Noticed a meat berserker
    25 | D        | Noticed a bag of meat
    25 | D        | Noticed a meat berserker
    25 | D        | Killed a bag of meat
    25 | D        | Reached skill level 10 in Stealth
    26 | D        | Noticed a bag of meat
    26 | D        | Noticed a large bag of meat
    26 | D        | Killed a meat berserker
    26 | D        | Reached skill level 10 in Spellcasting
    27 | D        | Noticed a bag of meat
    27 | D        | Noticed a bag of meat
    27 | D        | Noticed a bag of meat
    28 | D        | Noticed a bag of meat
    28 | D        | Noticed a bag of meat
    28 | D        | Killed a meat berserker
    28 | D        | Reached skill level 15 in Unarmed Combat
    28 | D        | Reached skill level 15 in Invocations
    28 | D        | Reached XP level 20. HP: 216/216 MP: 19/35
    28 | D        | Killed a bag of meat
    28 | D        | Killed a meat berserker
    28 | D        | Reached skill level 15 in Throwing
    28 | D        | Reached skill level 15 in Armour
    28 | D        | Noticed a bag of meat
    29 | D        | Killed a meat berserker
    29 | D        | Reached XP level 21. HP: 224/224 MP: 20/40
    30 | D        | Noticed a bag of meat
    30 | D        | Noticed a destroyer
    30 | D        | Killed a meat berserker
    31 | D        | Noticed a destroyer
    31 | D        | Killed a bag of meat
    31 | D        | Killed a bag of meat
    32 | D        | Killed a meat berserker
    32 | D        | Reached XP level 22. HP: 233/233 MP: 20/44
    32 | D        | Killed a destroyer
    32 | D        | Reached skill level 27 in Stealth
    32 | D        | Killed a bag of meat
    33 | D        | Killed a bag of meat
    33 | D        | Reached XP level 23. HP: 240/240 MP: 20/47
    34 | D        | Noticed a bag of meat
    34 | D        | Noticed a sculptor of flesh
    34 | D        | Killed a large bag of meat
    34 | D        | Killed a bag of meat
    34 | D        | Reached skill level 27 in Unarmed Combat
    34 | D        | Reached skill level 27 in Invocations
    34 | D        | Killed a bag of meat
    35 | D        | Noticed a destroyer
    35 | D        | Noticed a destroyer
    35 | D        | Killed a bag of meat
    35 | D        | Killed a bag of meat
    36 | D        | Killed a bag of meat
    36 | D        | Killed a bag of meat
    36 | D        | Reached skill level 27 in Throwing
    36 | D        | Reached skill level 27 in Armour
    36 | D        | Reached XP level 24. HP: 249/249 MP: 21/51
    37 | D        | Noticed a bag of meat
    37 | D        | Killed a destroyer
    37 | D        | Reached skill level 27 in Spellcasting
    37 | D        | Killed a bag of meat
    37 | D        | Killed a bag of meat
    37 | D        | Killed a bag of meat
    38 | D        | Noticed a bag of meat
    38 | D        | Noticed a large bag of meat
    38 | D        | Noticed a meat berserker
    38 | D        | Killed a destroyer
    38 | D        | Reached XP level 25. HP: 257/257 MP: 21/53
    38 | D        | Killed a destroyer
    40 | D        | Noticed a sculptor of flesh
    41 | D        | Killed a bag of meat
    42 | D        | Noticed The Servant
    42 | D        | Killed a bag of meat
    43 | D        | Killed a large bag of meat
    43 | D        | Killed a bag of meat
    43 | D        | Reached XP level 26. HP: 266/266 MP: 23/53
    44 | D        | Noticed a meat berserker
    44 | D        | Noticed a sculptor of flesh
    45 | D        | Noticed an accursed
    46 | D        | Noticed a large bag of meat
    47 | D        | Noticed a bag of meat
    47 | D        | Noticed a bag of meat
    47 | D        | Noticed an accursed
    47 | D        | Killed an accursed
    47 | D        | Killed a meat berserker
    47 | D        | Killed a bag of meat
    47 | D        | Killed a sculptor of flesh
    47 | D        | Reached XP level 27. HP: 232/273 MP: 23/53
    48 | D        | Noticed a bag of meat
    48 | D        | HP: 12/273 [sculptor of flesh/+9 great sword (186)]
    49 | D        | Noticed a bag of meat
    49 | D        | Killed a sculptor of flesh
    49 | D        | Killed a meat berserker
    50 | D        | Noticed a bag of meat
    50 | D        | Noticed a destroyer
    51 | D        | Noticed a bag of meat
    52 | D        | Noticed a bag of meat
    52 | D        | Noticed an accursed
    52 | D        | Killed a sculptor of flesh
    53 | D        | Killed an accursed
    54 | D        | Noticed a bag of meat
    54 | D        | Killed a bag of meat
    55 | D        | Noticed an accursed
    56 | D        | Killed a destroyer
    56 | D        | Killed a large bag of meat
    57 | D        | Killed a bag of meat
    58 | D        | Killed a bag of meat
    59 | D        | Killed a bag of meat
    60 | D        | Killed a bag of meat
    61 | D        | Noticed a meat berserker
    61 | D        | Noticed an accursed
    62 | D        | Killed a bag of meat
    62 | D        | Killed a bag of meat
    62 | D        | Killed a meat berserker
    63 | D        | Noticed a meat berserker
    64 | D        | Noticed a meat berserker
    64 | D        | Killed The Servant
    64 | D        | Killed a bag of meat
    65 | D        | Noticed a bag of meat
    65 | D        | Noticed an accursed
    65 | D        | Noticed a meat berserker
    66 | D        | Noticed a bag of meat
    66 | D        | Noticed a bag of meat
    66 | D        | Noticed a meat berserker
    67 | D        | Noticed an accursed
    67 | D        | Noticed a bag of meat
    67 | D        | Killed a meat berserker
    67 | D        | Killed an accursed
    68 | D        | Noticed a meat berserker
    68 | D        | Noticed a bag of meat
    70 | D        | Noticed a meat beast
    70 | D        | Killed an accursed
    70 | D        | Killed a bag of meat
    70 | D        | Killed a meat berserker
    71 | D        | Noticed a destroyer
    71 | D        | Noticed a meat beast
    71 | D        | Killed a meat berserker
    71 | D        | Killed a meat berserker
    72 | D        | Killed a meat berserker
    72 | D        | Killed a bag of meat
    73 | D        | Noticed a bag of meat
    73 | D        | Noticed a large bag of meat
    73 | D        | Killed a destroyer
    73 | D        | Killed a bag of meat
    74 | D        | Noticed a dread
    74 | D        | Killed a meat beast
    75 | D        | Noticed a dread
    75 | D        | Killed a meat beast
    77 | D        | Killed a bag of meat
    77 | D        | Killed a bag of meat
    78 | D        | Killed an accursed
    80 | D        | Noticed a meat berserker
    80 | D        | Killed a dread
    80 | D        | Killed a dread
    83 | D        | Noticed a bag of meat
    83 | D        | Noticed a wretched soul
    84 | D        | Noticed a bag of meat
    84 | D        | Killed a meat berserker
    84 | D        | Killed an accursed
    85 | D        | Killed a large bag of meat
    86 | D        | Noticed a bag of meat
    86 | D        | Noticed a bag of meat
    86 | D        | Noticed a meat berserker
    86 | D        | Noticed a bag of meat
    86 | D        | Noticed a meat beast
    86 | D        | Noticed a meat beast
    86 | D        | Noticed a meat berserker
    87 | D        | Noticed a meat berserker
    87 | D        | Noticed a bag of meat
    87 | D        | Noticed a tyrant
    88 | D        | Noticed a bag of meat
    88 | D        | Noticed a meat berserker
    88 | D        | Noticed a bag of meat
    88 | D        | Noticed a meat berserker
    88 | D        | Noticed a destroyer
    88 | D        | Noticed a meat berserker
    89 | D        | Noticed a large bag of meat
    89 | D        | Killed a meat beast
    89 | D        | Killed an accursed
    89 | D        | Killed a bag of meat
    90 | D        | Noticed a bag of meat
    90 | D        | Noticed a wretched soul
    90 | D        | Killed a meat beast
    91 | D        | Killed a bag of meat
    91 | D        | Killed a meat berserker
    91 | D        | Killed a bag of meat
    92 | D        | Noticed a meat berserker
    92 | D        | Killed a meat berserker
    93 | D        | Killed a meat berserker
    93 | D        | Killed a bag of meat
    94 | D        | Noticed an eight-headed meat hydra
    94 | D        | Noticed a meat beast
    94 | D        | Killed a bag of meat
    95 | D        | Noticed an observer
    95 | D        | Noticed an observer
    95 | D        | Noticed a tyrant
    95 | D        | Killed a meat berserker
    95 | D        | Killed a bag of meat
    96 | D        | Noticed a bag of meat
    96 | D        | Noticed a bag of meat
    96 | D        | Noticed a bag of meat
    96 | D        | Killed a tyrant
    96 | D        | Killed a meat berserker
    97 | D        | Noticed a meat berserker
    97 | D        | Killed a meat berserker
    98 | D        | Killed a wretched soul
    98 | D        | Killed a meat beast
    99 | D        | Noticed a wretched soul
    99 | D        | Noticed a dread
    99 | D        | Killed a bag of meat
   100 | D        | Noticed a large bag of meat
   100 | D        | Killed a wretched soul
   101 | D        | Noticed a bag of meat
   101 | D        | Noticed an accursed
   101 | D        | Killed a meat berserker
   101 | D        | Killed an observer
   101 | D        | Killed a bag of meat
   101 | D        | Killed a bag of meat
   101 | D        | Killed a destroyer
   102 | D        | Noticed a destroyer
   102 | D        | Noticed a tyrant
   102 | D        | Noticed an accursed
   102 | D        | Killed a large bag of meat
   102 | D        | Killed a nine-headed meat hydra
   103 | D        | Noticed a bag of meat
   103 | D        | Noticed a tyrant
   103 | D        | Killed a bag of meat
   104 | D        | Noticed a bag of meat
   104 | D        | Noticed a sculptor of flesh
   104 | D        | Killed a tyrant
   104 | D        | Killed a meat berserker
   104 | D        | Killed a bag of meat
   105 | D        | Noticed a bag of meat
   105 | D        | Noticed a tyrant
   105 | D        | Noticed The Defiler
   105 | D        | Killed a bag of meat
   105 | D        | Killed an observer
   106 | D        | Noticed a bag of meat
   106 | D        | Noticed an accursed
   107 | D        | Noticed a large bag of meat
   107 | D        | Noticed an accursed
   107 | D        | Killed a bag of meat
   108 | D        | Noticed a bag of meat
   109 | D        | Killed a wretched soul
   109 | D        | Killed a dread
   110 | D        | Noticed a meat berserker
   110 | D        | Killed a large bag of meat
   110 | D        | Killed a bag of meat
   110 | D        | Killed a destroyer
   110 | D        | Killed an accursed
   112 | D        | Noticed a bag of meat
   112 | D        | Noticed an observer
   112 | D        | Killed a bag of meat
   113 | D        | Noticed a meat berserker
   113 | D        | Killed a bag of meat
   114 | D        | Noticed a bag of meat
   114 | D        | Noticed an observer
   114 | D        | Killed The Defiler
   116 | D        | Noticed a bag of meat
   116 | D        | Killed a tyrant
   116 | D        | Killed a sculptor of flesh
   116 | D        | Killed a bag of meat
   117 | D        | Noticed a bag of meat
   117 | D        | Killed a large bag of meat
   117 | D        | Killed a meat berserker
   118 | D        | Noticed a bag of meat
   118 | D        | Noticed a meat beast
   118 | D        | Noticed a meat berserker
   119 | D        | Noticed a tyrant
   119 | D        | Killed an accursed
   119 | D        | Killed a bag of meat
   119 | D        | Killed a bag of meat
   120 | D        | Noticed a bag of meat
   120 | D        | Noticed a bag of meat
   120 | D        | Noticed a bag of meat
   120 | D        | Noticed a wretched soul
   120 | D        | Noticed a wretched soul
   121 | D        | Noticed a sculptor of flesh
   121 | D        | Killed a meat berserker
   122 | D        | Noticed a fleshlord
   122 | D        | Killed a meat berserker
   122 | D        | Killed an observer
   123 | D        | Killed a tyrant
   123 | D        | Killed an observer
   123 | D        | Killed a tyrant
   124 | D        | Noticed a meat berserker
   124 | D        | Noticed a bag of meat
   124 | D        | Noticed a destroyer
   125 | D        | Noticed a bag of meat
   125 | D        | Noticed a bag of meat
   125 | D        | Noticed a fleshlord
   125 | D        | Killed a fleshlord
   125 | D        | Killed a meat beast
   125 | D        | Killed a bag of meat
   126 | D        | Noticed a bag of meat
   126 | D        | Noticed a bag of meat
   126 | D        | Noticed a bag of meat
   126 | D        | Noticed an observer
   126 | D        | Killed a wretched soul
   126 | D        | Killed a bag of meat
   126 | D        | Killed an accursed
   127 | D        | Killed a tyrant
   127 | D        | Killed a bag of meat
   127 | D        | Killed a bag of meat
   128 | D        | Noticed a fleshlord
   128 | D        | Noticed a bag of meat
   128 | D        | Killed a wretched soul
   128 | D        | Killed a bag of meat
   129 | D        | Killed a meat berserker
   129 | D        | Killed a bag of meat
   129 | D        | Noticed a fleshlord
   130 | D        | Noticed a bag of meat
   130 | D        | Noticed a bag of meat
   130 | D        | Noticed a dread
   130 | D        | Killed a bag of meat
   130 | D        | Killed a sculptor of flesh
   130 | D        | Killed a destroyer
   131 | D        | Noticed a bag of meat
   131 | D        | Noticed a bag of meat
   131 | D        | Killed a bag of meat
   131 | D        | Killed a bag of meat
   132 | D        | Noticed a meat berserker
   132 | D        | Noticed a fleshlord
   132 | D        | Killed a bag of meat
   133 | D        | Noticed an accursed
   133 | D        | Killed an accursed
   133 | D        | Killed a fleshlord
   134 | D        | Killed a bag of meat
   135 | D        | Noticed a bag of meat
   135 | D        | Noticed a fleshlord
   135 | D        | Noticed a tyrant
   135 | D        | Killed a fleshlord
   135 | D        | Killed a bag of meat
   135 | D        | Killed an observer
   136 | D        | Noticed a bag of meat
   136 | D        | Noticed a bag of meat
   136 | D        | Noticed a tyrant
   136 | D        | Killed a fleshlord
   136 | D        | Killed a bag of meat
   136 | D        | Killed a bag of meat
   136 | D        | Killed a bag of meat
   136 | D        | Killed a dread
   137 | D        | Killed a bag of meat
   137 | D        | Killed a meat berserker
   138 | D        | Killed a bag of meat
   139 | D        | Killed a fleshlord
   140 | D        | Noticed a sculptor of flesh
   140 | D        | Killed a bag of meat
   141 | D        | Killed a fleshlord
   142 | D        | Noticed a wretched soul
   142 | D        | Killed a tyrant
   144 | D        | Noticed a meat beast
   144 | D        | Killed a bag of meat
   144 | D        | Killed a bag of meat
   145 | D        | Killed a tyrant
   145 | D        | Killed an accursed
   146 | D        | Noticed a wretched soul
   146 | D        | Noticed a meat beast
   146 | D        | Noticed a bag of meat
   146 | D        | Killed a bag of meat
   146 | D        | Killed a sculptor of flesh
   147 | D        | Killed a meat beast
   148 | D        | Killed a meat beast
   149 | D        | Killed a wretched soul
   150 | D        | Noticed a meat berserker
   150 | D        | Noticed a meat berserker
   151 | D        | Noticed a bag of meat
   152 | D        | Noticed a destroyer
   153 | D        | Noticed a sculptor of flesh
   153 | D        | Killed a bag of meat
   153 | D        | Killed a wretched soul
   153 | D        | Killed a meat berserker
   154 | D        | Noticed a meat berserker
   154 | D        | Killed a meat berserker
   155 | D        | Noticed a fleshlord
   155 | D        | Noticed an observer
   156 | D        | Noticed a destroyer
   156 | D        | Killed a meat berserker
   159 | D        | Noticed a destroyer
   160 | D        | Noticed an observer
   160 | D        | Killed a destroyer
   160 | D        | Killed a bag of meat
   161 | D        | Noticed a meat berserker
   161 | D        | Noticed a sculptor of flesh
   161 | D        | Killed a destroyer
   161 | D        | Killed an observer
   162 | D        | Noticed a fleshlord
   163 | D        | Noticed a meat berserker
   163 | D        | Noticed a fleshlord
   164 | D        | Killed a meat berserker
   164 | D        | Killed an observer
   164 | D        | Killed a destroyer
   165 | D        | Noticed a wretched soul
   166 | D        | Noticed a meat berserker
   166 | D        | Killed a meat berserker
   166 | D        | Killed a sculptor of flesh
   167 | D        | Killed a fleshlord
   167 | D        | Killed a sculptor of flesh
   168 | D        | Noticed a meat berserker
   168 | D        | Noticed a fleshlord
   168 | D        | Killed a fleshlord
   169 | D        | Noticed a dread
   169 | D        | Killed a meat berserker
   170 | D        | Noticed a bag of meat
   170 | D        | Noticed a meat beast
   170 | D        | Noticed a fleshlord
   171 | D        | Noticed a bag of meat
   171 | D        | Noticed a meat beast
   171 | D        | Noticed a meat berserker
   171 | D        | Noticed an accursed
   171 | D        | Killed a meat berserker
   172 | D        | Noticed a bag of meat
   172 | D        | Killed a fleshlord
   173 | D        | Noticed a meat beast
   173 | D        | Killed a dread
   174 | D        | Noticed an observer
   174 | D        | Noticed a dread
   174 | D        | Noticed a dread
   174 | D        | Killed a meat beast
   174 | D        | Noticed a bag of meat
   174 | D        | Noticed a bag of meat
   175 | D        | Killed a meat beast
   176 | D        | Noticed a dread
   176 | D        | Noticed a wretched soul
   176 | D        | Killed a meat berserker
   176 | D        | Killed a bag of meat
   176 | D        | Killed a bag of meat
   176 | D        | Killed a fleshlord
   176 | D        | Annihilated by a fleshlord

Vault maps used:
D:        meatsprint

Action                   |  1- 3 |  4- 6 |  7- 9 | 10-12 | 13-15 | 16-18 | 19-21 | 22-24 | 25-27 || total
-------------------------+-------+-------+-------+-------+-------+-------+-------+-------+-------++-------
Melee: Executioner's axe |     1 |       |       |     1 |     4 |     5 |     7 |     6 |   100 ||   124
 Cast: Apportation       |       |       |       |       |       |       |       |       |     2 ||     2
  Use: Potion            |       |       |       |       |       |       |       |       |     1 ||     1
